 Dungeon Crawl Stone Soup version 0.24.0-13-gcf9b3192b9 (webtiles) character file.

Game seed: 7382580816219060132, levelgen mode: deterministic

190 Delamore the Cleaver (level 5, -2/45 HPs)
             Began as a Hill Orc Monk on Nov 7, 2019.
             Slain by an iguana (8 damage)
             ... on level 3 of the Dungeon.
             The game lasted 00:02:53 (1951 turns).

Delamore the Cleaver (Hill Orc Monk)                Turns: 1951, Time: 00:02:53

Health: -2/45      AC: 10    Str: 15    XL:     5   Next: 69%
Magic:  5/5        EV:  7    Int: 10    God:
Gold:   33         SH:  0    Dex: 13    Spells: 4/4 levels left

rFire    . . .     SeeInvis .   a - +0 hand axe
rCold    + . .     Gourm    .   (no shield)
rNeg     . . .     Faith    .   o - +0 chain mail (curse)
rPois    .         Spirit   .   l - +1 hat
rElec    .         Reflect  .   (no cloak)
rCorr    .         Harm     .   n - +0 pair of gloves
MR       .....                  (no boots)
Stlth    ..........             (no amulet)
HPRegen  0.15/turn              e - ring of protection from cold
MPRegen  0.09/turn              (no ring)

@: no status effects
A: no striking features
a: no special abilities


You were on level 3 of the Dungeon.
You were hungry.

You visited 1 branch of the dungeon, and saw 3 of its levels.

You collected 33 gold pieces.

Inventory:

Hand Weapons
 a - a +0 hand axe (weapon)
Missiles
 k - a throwing net (quivered)
Armour
 l - a +1 hat (worn)
 n - a +0 pair of gloves (worn)
 o - a cursed +0 chain mail (worn)
Jewellery
 e - a ring of protection from cold (left hand)
Scrolls
 d - 3 scrolls of remove curse {unknown}
 g - 2 scrolls of teleportation {unknown}
 h - a scroll of fear {unknown}
 i - 2 scrolls of identify {unknown}
 p - a scroll of noise {unknown}
 s - a scroll of immolation {unknown}
Potions
 b - a potion of haste {unknown}
 f - 2 potions of heal wounds
 j - a potion of magic {unknown}
 m - a potion of berserk rage {unknown}
 q - a potion of flight {unknown}
Comestibles
 c - 4 rations
 r - 2 chunks of flesh


   Skills:
 - Level 3.6 Fighting
 + Level 8.1 Axes
 + Level 0.2 Armour
 - Level 2.4 Dodging
 - Level 1.5 Stealth


You had 4 spell levels left.
You didn't know any spells.
Your spell library was empty.

Dungeon Overview and Level Annotations

Branches:
Dungeon (3/15)

Altars:
Okawaru


Message History

The iguana bites you.
You barely miss the iguana.
The iguana is moderately wounded.
The iguana completely misses you.
You hit the iguana but do no damage.
The iguana is moderately wounded.
The iguana bites you.
* * * LOW HITPOINT WARNING * * *
You hit the iguana.
The iguana is severely wounded.
The iguana bites you.
* * * LOW HITPOINT WARNING * * *
You hit the iguana but do no damage.
The iguana is severely wounded.
The iguana bites you.
* * * LOW HITPOINT WARNING * * *
You hit the iguana but do no damage.
The iguana is severely wounded.
The iguana bites you!
You die...

. # ###### #######
#..... #.....# #.# #
#.###.(...########.# #
............).....#
###.....########.####
#l@................
..........#########.####
....####..# #.# ... #..#
#.# . ...# #.# ...## #.#
..## #.. .. #.# #


You could see an iguana.

Vanquished Creatures
  An ogre (D:2)
  4 gnolls
  An adder (D:2)
  A dart slug (D:1)
  2 leopard geckos (D:1)
  A ball python (D:1)
  6 bats
  4 giant cockroaches
  6 goblins
  4 hobgoblins
  4 jackals (D:1)
  2 quokkas
  3 frilled lizards (D:1)
  6 kobolds
  8 rats
53 creatures vanquished.

Notes
Turn   | Place    | Note
-------+----------+-------------------------------------------
     0 | D:1      | Delamore the Hill Orc Monk began the quest for the Orb.
     0 | D:1      | Reached XP level 1. HP: 19/19 MP: 1/1
    77 | D:1      | Reached XP level 2. HP: 3/26 MP: 2/2
   390 | D:1      | Reached skill level 5 in Axes
   408 | D:1      | Reached XP level 3. HP: 8/31 MP: 3/3
  1138 | D:1      | Reached skill level 6 in Axes
  1291 | D:2      | Reached XP level 4. HP: 36/39 MP: 4/4
  1310 | D:2      | Noticed an ogre
  1317 | D:2      | Killed an ogre
  1317 | D:2      | Reached skill level 7 in Axes
  1317 | D:2      | Reached XP level 5. HP: 41/45 MP: 5/5
  1403 | D:2      | Found an iron altar of Okawaru.
  1848 | D:3      | Reached skill level 8 in Axes
  1951 | D:3      | Slain by an iguana

Levels and vault maps discovered:
D:1:      dpeg_arrival_tiny_k, layout_basic
D:2:      layout_rooms, grunt_ministairs_12, okawaru_trees_1
D:3:      layout_loops_ring, uniq_ijyb, uniq_crazy_yiuf_cottage

Skill      XL: |  1  2  3  4  5 |
---------------+----------------+-----
Axes           | 5 6 7 8 |  8.1
Fighting       | |  3.6
Armour         | |  0.2
Dodging        | |  2.4
Stealth        | |  1.5

Action                   |  1- 3 |  4- 6 || total
-------------------------+-------+-------++-------
Melee: Hand axe          |   128 |   102 ||   230
  Use: Potion            |       |     2 ||     2
 Stab: Sleeping          |     1 |       ||     1
  Eat: Chunk             |     1 |     2 ||     3
Armor: Robe              |    20 |     1 ||    21
       Chain mail        |       |    24 ||    24
Dodge: Dodged            |    97 |    24 ||   121
